 Dungeon Crawl Stone Soup version 0.14.0-24-gfb45beb (webtiles) character file.

56615 Amnesiac the Covert (level 14, -11/108 HPs)
             Began as a Mummy Enchanter on Apr 21, 2014.
             Was the Champion of Dithmenos.
             Mangled by a sun demon (16 damage)
             ... summoned by an orc sorcerer
             ... on Level 4 of the Orcish Mines on Apr 22, 2014.
             The game lasted 02:15:08 (26333 turns).

Amnesiac the Covert (Mummy Enchanter)              Turns: 26333, Time: 02:15:08

HP -11/108       AC 11     Str 11      XL: 14   Next: 38%
MP  10/26        EV 11     Int 20      God: Dithmenos [******]
Gold 1271        SH 12     Dex 18      Spells:  6 memorised,  6 levels left

rFire  . . .     SeeInvis .     w - +3,+5 dagger (elec)
rCold  + . .     Clarity  +     n - +1 leather armour {rF+}
rNeg   + + +     Conserve +     m - +0 buckler
rPois  +         rCorr    +     F - +1 hat {Int+3}
rElec  .         rRot     +     r - +2 cloak {rCorr, Cons}
SustAb . .       Spirit   .     (no gloves)
rMut   .         Warding  .     u - +2 pair of boots of the Assassin {Stlth++}
Saprov . . .     Stasis   .     l - amulet of Ephemeral Luck {Clar Dex+2 Int+1}
MR     +++..                    Q - ring of protection from magic
                                Y - ring "Saompaj" {MR+ Int+2 Dam+6 Stlth+}

@: about to teleport, very slightly contaminated, wreathed by umbra, extremely
resistant to hostile enchantments, uncannily stealthy
A: no food or potions, fire vulnerability, in touch with death, restore body,
cold resistance 1, life protection 3, poison resistance, torment resistance,
unbreathing
a: Self-Restoration, Shadow Step, Shadow Form, Renounce Religion


You were on level 4 of the Orcish Mines.
You worshipped Dithmenos.
Dithmenos was exalted by your worship.
You were not hungry.

You visited 3 branches of the dungeon, and saw 22 of its levels.
You also visited: Bailey and Ice Cave.

You collected 2128 gold pieces.
You spent 857 gold pieces at shops.

Inventory:

Hand weapons
 e - a +1 blowgun
 q - a +2,+2 dagger of venom
 w - a +3,+5 dagger of electrocution (weapon)
 L - a +5,+4 quick blade
Missiles
 d - 11 darts (quivered)
 f - 43 tomahawks of returning
 g - 6 needles of sleeping
 j - 2 needles of frenzy
 y - a throwing net
 B - 2 curare-tipped needles
Armour
 m - a +0 buckler (worn)
 n - a +1 leather armour of fire resistance (worn)
 r - a +2 cloak of preservation (worn)
 u - the +2 pair of boots of the Assassin (worn) {Stlth++}
   (You bought it in a shop on level 4 of the Orcish Mines)

   It makes you much more stealthy.
 F - a +1 hat of intelligence (worn)
 S - a +2 robe of magic resistance
Magical devices
 c - a wand of magic darts (5)
 I - a wand of hasting (5)
 N - a wand of teleportation (5)
Scrolls
 b - 5 scrolls of remove curse
 h - 3 scrolls of identify
 k - a scroll of random uselessness
 o - 4 scrolls of teleportation
 C - 6 scrolls of fog
 G - 2 scrolls of magic mapping
 V - a scroll of fear
Jewellery
 a - the ring of Sheuv {+Fly rElec}
   (You found it in a bailey)

   [ring of flight]

   It insulates you from electricity.
 l - the amulet of Ephemeral Luck (around neck) {Clar Dex+2 Int+1}
   (You took it off a kobold in a bailey)

   [amulet of clarity]

   It affects your intelligence (+1).
   It affects your dexterity (+2).
 s - an uncursed amulet of warding
 t - an uncursed ring of teleportation
 O - an uncursed ring of regeneration
 Q - a ring of protection from magic (right hand)
 Y - the ring "Saompaj" (left hand) {MR+ Int+2 Dam+6 Stlth+}
   (You found it on level 8 of the Lair of Beasts)

   [ring of intelligence]

   It affects your intelligence (+2).
   It affects your damage with ranged weapons and melee attacks (+6).
   It affects your resistance to hostile enchantments.
   It makes you much more stealthy.
Miscellaneous
 i - a stone of tremors


   Skills:
 - Level 9.0 Fighting
 - Level 10.0 Short Blades
 - Level 0.7 Throwing
 - Level 1.5 Dodging
 - Level 12.7 Stealth
 - Level 5.0 Shields
 - Level 5.0 Spellcasting
 + Level 12.6 Hexes


You had 6 spell levels left.
You knew the following spells:

 Your Spells              Type           Power        Failure   Level  Hunger
a - Summon Butterflies    Summ           #.......     14%         1    N/A
b - Confusing Touch       Hex            ######....   1%          1    N/A
c - Invisibility          Hex            ######..     12%         6    N/A
d - Enslavement           Hex            ######..     1%          4    N/A
e - Confuse               Hex            ######..     1%          3    N/A
f - Ensorcelled Hibernat  Hex/Ice        ####..       1%          2    N/A

Dungeon Overview and Level Annotations

Branches:
Dungeon (10/15)            Temple (0/1) D:6             Orc (4/4) D:10
    Elf (0/3) Orc:3          Lair (8/8) D:9          Shoals (0/5) Lair:3
  Snake (0/5) Lair:4        Slime (0/6) Lair:6

Altars:
Cheibriados
Dithmenos
Trog

Shops:
D:9 }   Orc:1 (   Orc:4 [(


Innate Abilities, Weirdness & Mutations

You do not eat or drink.
Your flesh is vulnerable to fire.
You are in touch with the powers of death.
You can restore your body by infusing magical energy.
Your flesh is cold resistant.
You are immune to negative energy.
Your system is resistant to poisons.
You are immune to unholy pain and torment.
You can survive without breathing.


Message History

Unknown command.
Read which item? (? for menu, Esc to quit)
Okay, then.
Casting: Enslavement
Confirm with . or Enter, or press ? or * to list all spells.
Okay, then.
Read which item? (? for menu, Esc to quit)
As you read the scroll of teleportation, it crumbles to dust.
You feel strangely unstable. The sun demon hits you!
You are engulfed in flames!
* * * LOW HITPOINT WARNING * * *
You block the orc warrior's attack. The orange demon stings you from afar.
* * * LOW HITPOINT WARNING * * *
Throwing (i - inventory. (,) - cycle):
d - 12 darts (quivered)
Press: ? - help, Shift-Dir - straight line, f/p - sun demon
Aim: a sun demon (moderately wounded, summoned, umbra)
You throw a dart. The dart misses the sun demon.
The sun demon hits you!
* * * LOW HITPOINT WARNING * * *
You are engulfed in flames!
You die...

..................#.##
...%.................###
.)...#.......#..#.....#f.
.%...........#.......(..f.
.................#.....f...
................#..........
%<.......[#%..#....)....8..
....#......[.....34#o....∩..
..........%)....@ooo.f.f....
.......%.........o....f.....
#............#......#......
....)..............$.......
#.....)....................
.....).................#..
.....).............##.##.
.............#...... ..
..)..................


You could see a sun demon, an orange demon, 2 orc warriors, 2 orcs and a
friendly orc sorcerer.

Vanquished Creatures
  An orc warlord (Orc:4)
  Gastronok (Lair:3)
  2 dire elephants (Lair:8)
  Snorg (Orc:4)
  Josephine (D:10)
  Fannar (Lair:7)
  3 hydras
  Erica (Lair:7)
  An anaconda (Lair:8)
  6 death yaks (Lair:8)
  An orc high priest (Orc:4)
  A catoblepas (Lair:7)
  An unseen horror (D:10)
  3 orc knights
  Joseph (Orc:4)
  An orc sorcerer (Orc:3)
  A gargoyle (D:9)
  25 elephants
  4 black mambas
  2 mermaids (Lair:3)
  A naga mage (Lair:4)
  9 spiny frogs
  5 giant fireflies (Lair:2)
  4 fire drakes
  7 komodo dragons
  4 trolls
  A merfolk (Lair:3)
  5 blink frogs (Lair:7)
  Prince Ribbit (D:5)
  A grizzly bear (Lair:5)
  4 wandering mushrooms
  A basilisk (Lair:3)
  A spriggan (D:8)
  The ghost of patrikchr the Magician, an average DEWz (D:4)
  7 hippogriffs
  A hungry ghost (D:8)
  4 sharks (Lair:8)
  Eustachio (D:7)
  22 yaks
  A steam dragon (Lair:5)
  3 vampire mosquitoes
  3 wolves (Lair:8)
  2 sky beasts (D:7)
  10 water moccasins
  7 porcupines
  6 necrophages (Lair:6)
  3 giant goldfish (Lair:8)
  21 orc warriors
  A phantom (D:7)
  A swamp drake (D:9)
  3 centaurs (D:8)
  19 ice beasts
  A boring beetle (Lair:7)
  7 ogres
  12 crocodiles
  Sigmund (D:7)
  Duvessa (D:7)
  11 giant slugs
  A komodo dragon zombie (D:10)
  A big kobold (D:9)
  Blork the orc (D:7)
  7 giant frogs
  A cyclops zombie (D:10)
  4 killer bees (D:9)
  A troll zombie (D:10)
  4 scorpions
  5 wights
  4 electric eels
  Dowan (D:7)
  A crimson imp (D:7)
  A goliath beetle (D:7)
  3 big fish
  An elf zombie (D:9)
  6 hounds
  A giant frog skeleton (D:6)
  4 jellies
  15 orc priests
  2 centaur skeletons
  17 orc wizards
  Natasha (D:5)
  9 iguanas
  A black bear skeleton (D:4)
  11 sheep
  5 worker ants
  A hound zombie (D:7)
  A mummy (D:9)
  A worker ant zombie (D:8)
  4 gnolls
  28 green rats
  2 giant mites
  19 adders
  5 shadow imps
  4 worms
  A goliath beetle zombie (D:10)
  A human zombie (D:7)
  An adder zombie (D:9)
  An iguana zombie (D:6)
  10 giant geckos
  3 oozes
  96 orcs
  3 giant cockroaches
  20 hobgoblins
  25 kobolds
  A ball python (D:4)
  16 bats
  A giant cockroach zombie (D:6)
  6 giant newts
  A giant spore (D:7)
  24 goblins
  A goblin skeleton (D:4)
  20 jackals
  2 orc skeletons (D:10)
  An orc zombie (Orc:3)
  8 quokkas
  A quokka zombie (D:9)
  26 rats
  2 fungi
  5 plants
700 creatures vanquished.

Vanquished Creatures (collateral kills)
  A chaos spawn (Orc:4)
  A vampire mosquito (D:9)
  A giant slug (Lair:7)
  2 electric eels (Lair:8)
  A gnoll (D:10)
  A hobgoblin (D:9)
  A bat (Lair:4)
8 creatures vanquished.

Vanquished Creatures (others)
  A giant slug (Lair:6)
  A kobold (D:4)
  A butterfly (D:10)
  3 fungi
  6 plants
12 creatures vanquished.

Grand Total: 720 creatures vanquished

Notes
Turn   | Place    | Note
--------------------------------------------------------------
     0 | D:1      | Amnesiac, the Mummy Enchanter, began the quest for the Orb.
     0 | D:1      | Reached XP level 1. HP: 13/13 MP: 3/3
   189 | D:1      | Reached skill level 1 in Short Blades
   227 | D:2      | Found a bloodstained altar of Trog.
   245 | D:2      | Found a snail-covered altar of Cheibriados.
   336 | D:2      | Reached XP level 2. HP: 8/19 MP: 4/4
   340 | D:2      | Learned a level 2 spell: Ensorcelled Hibernation
   803 | D:4      | Noticed patrikchr's ghost (average DEWz)
  1084 | D:4      | Noticed a scorpion
  1446 | D:5      | Entered Level 5 of the Dungeon
  1846 | D:5      | Noticed Prince Ribbit
  1886 | D:5      | Reached XP level 3. HP: 7/24 MP: 6/6
  1891 | D:5      | Learned a level 3 spell: Confuse
  2127 | D:5      | Noticed an orc warrior
  2557 | D:5      | Found a shadowy altar of Dithmenos.
  2564 | D:5      | Noticed an ogre
  2567 | D:5      | Became a worshipper of Dithmenos the Shadowed
  2729 | D:4      | Killed a scorpion
  2729 | D:4      | Reached skill level 3 in Stealth
  2729 | D:4      | Reached XP level 4. HP: 30/30 MP: 2/7
  3618 | D:2      | Reached XP level 5. HP: 35/35 MP: 9/9
  4203 | D:3      | Reached skill level 4 in Stealth
  4643 | D:4      | Noticed a scorpion
  4648 | D:4      | Killed a scorpion
  5288 | D:4      | Reached XP level 6. HP: 41/41 MP: 7/10
  6085 | D:5      | Noticed Natasha
  6108 | D:5      | Killed Natasha
  6202 | D:5      | Killed an orc warrior
  6202 | D:5      | Acquired Dithmenos' first power
  6202 | D:5      | Reached XP level 7. HP: 46/46 MP: 8/12
  6486 | D:4      | Killed patrikchr's ghost
  6486 | D:4      | Reached skill level 5 in Stealth
  6650 | D:5      | Killed an ogre
  6650 | D:5      | Reached skill level 6 in Stealth
  6668 | D:5      | Killed Prince Ribbit
  6668 | D:5      | Reached XP level 8. HP: 18/52 MP: 2/13
  6896 | D:6      | Noticed a giant frog
  6903 | D:6      | Killed a giant frog
  6903 | D:6      | Reached skill level 7 in Stealth
  6928 | D:6      | Learned a level 4 spell: Enslavement
  7080 | D:6      | Found a staircase to the Ecumenical Temple.
  7613 | D:7      | Reached skill level 5 in Hexes
  7678 | D:7      | Got an encrusted leather armour
  7693 | D:7      | Noticed Sigmund
  7803 | D:6      | Identified the cursed -3 leather armour of Hedge Wizardry {rN+} (You found it on level 7 of the Dungeon)
  7862 | D:7      | Killed Sigmund
  7936 | D:7      | Noticed Eustachio
  7958 | D:7      | Killed Eustachio
  8060 | D:7      | Noticed Blork the orc
  8085 | D:7      | Killed Blork the orc
  8094 | D:7      | Acquired Dithmenos' second power
  8390 | D:7      | Noticed Duvessa
  8390 | D:7      | Noticed Dowan
  8395 | D:7      | Killed Dowan
  8424 | D:7      | Killed Duvessa
  8424 | D:7      | Reached XP level 9. HP: 21/57 MP: 3/14
  8933 | D:8      | Found a bloodstained altar of Trog.
  8954 | D:8      | Reached skill level 8 in Hexes
  9642 | D:8      | Reached skill level 5 in Short Blades
 10137 | D:8      | Got a fine spear {drain}
 10559 | D:9      | Found Pruip's Gadget Shoppe.
 10559 | D:9      | Noticed a gargoyle
 10561 | D:9      | Killed a gargoyle
 10561 | D:9      | Reached XP level 10. HP: 63/63 MP: 17/20
 10590 | D:8      | Learned a level 1 spell: Summon Butterflies
 10597 | D:8      | Learned a level 6 spell: Invisibility
 11300 | D:9      | Found a staircase to the Lair.
 11753 | D:9      | Reached skill level 9 in Hexes
 12230 | D:9      | Acquired Dithmenos' third power
 12590 | Lair:1   | Entered Level 1 of the Lair of Beasts
 12634 | Lair:1   | Reached skill level 10 in Hexes
 12639 | Lair:1   | Noticed a seven-headed hydra
 12646 | Lair:1   | Reached skill level 5 in Spellcasting
 12653 | Lair:1   | Killed a seven-headed hydra
 13144 | Lair:1   | Reached skill level 11 in Hexes
 13144 | Lair:1   | Reached XP level 11. HP: 39/68 MP: 12/23
 13987 | Lair:2   | Got a steaming helmet
 13990 | Lair:2   | Identified the +2 helmet "Ghietiaw" {Str+4 Curse} (You found it on level 2 of the Lair of Beasts)
 14365 | Lair:3   | Noticed Gastronok
 14466 | Lair:3   | Killed Gastronok
 14582 | Lair:3   | Found a staircase to the Shoals.
 14882 | Lair:3   | Reached skill level 10 in Short Blades
 15399 | Lair:4   | Found a frozen archway.
 15503 | IceCv    | Entered an ice cave
 15640 | IceCv    | Reached XP level 12. HP: 74/74 MP: 18/24
 15664 | IceCv    | Noticed an ice statue
 15664 | IceCv    | Noticed an ice statue
 15664 | IceCv    | Noticed an ice statue
 16042 | Lair:4   | Identified a scroll of acquirement
 16053 | Lair:4   | Found a staircase to the Snake Pit.
 16877 | Lair:4   | Reached skill level 10 in Stealth
 16921 | Lair:4   | Reached skill level 1 in Shields
 17659 | Lair:5   | Acquired Dithmenos' fourth power
 17910 | Lair:6   | Found a staircase to the Slime Pits.
 18080 | Lair:6   | Reached skill level 5 in Shields
 18082 | Lair:6   | Reached skill level 1 in Fighting
 18135 | Lair:6   | Noticed a seven-headed hydra
 18244 | Lair:6   | Killed a seven-headed hydra
 18529 | Lair:7   | Noticed Fannar
 18535 | Lair:7   | Killed Fannar
 18663 | Lair:7   | Reached skill level 5 in Fighting
 18680 | Lair:7   | Reached XP level 13. HP: 91/93 MP: 21/25
 18703 | Lair:7   | Noticed Erica
 18794 | Lair:7   | Killed Erica
 18967 | Lair:7   | Noticed a five-headed hydra
 19126 | Lair:7   | Killed a five-headed hydra
 20039 | Lair:8   | Entered Level 8 of the Lair of Beasts
 20104 | Lair:8   | Learned a level 1 spell: Confusing Touch
 21678 | Lair:8   | Noticed a dire elephant
 21678 | Lair:8   | Noticed a dire elephant
 21849 | Lair:8   | Killed a dire elephant
 21849 | Lair:8   | Reached skill level 12 in Stealth
 22078 | Lair:8   | Killed a dire elephant
 22090 | Lair:8   | Got a heavily runed lapis lazuli ring
 22532 | Lair:8   | Reached XP level 14. HP: 105/108 MP: 19/26
 22791 | Lair:1   | Identified the ring "Saompaj" {MR+ Int+2 Dam+6 Stlth+} (You found it on level 8 of the Lair of Beasts)
 22916 | D:10     | Entered Level 10 of the Dungeon
 22919 | D:10     | Noticed Josephine
 22930 | D:10     | Killed Josephine
 23329 | D:10     | Found a staircase to the Orcish Mines.
 23466 | Orc:1    | Entered Level 1 of the Orcish Mines
 23523 | Orc:1    | Found a flagged portal.
 23536 | Bailey   | Entered a bailey
 23661 | Bailey   | Got the ring of Sheuv {+Fly}
 23782 | Bailey   | Got a crude ivory amulet
 23944 | Bailey   | Identified the amulet of Ephemeral Luck {Clar Dex+2 Int+1} (You took it off a kobold in a bailey)
 24264 | Orc:1    | Found Mnoup's Antique Weapon Shoppe.
 24410 | Orc:3    | Found a staircase to the Elven Halls.
 24955 | Orc:3    | Identified the ring of Sheuv {+Fly rElec} (You found it in a bailey)
 25506 | Orc:4    | Entered Level 4 of the Orcish Mines
 25526 | Orc:4    | Noticed Joseph
 25539 | Orc:4    | Killed Joseph
 25551 | Orc:4    | Noticed Snorg
 25571 | Orc:4    | Killed Snorg
 25814 | Orc:4    | Found Blores' Antique Armour Shop.
 25814 | Orc:4    | Noticed an orc warlord
 26100 | Orc:4    | Killed an orc warlord
 26130 | Orc:4    | Bought a glowing cloak for 148 gold pieces
 26130 | Orc:4    | Bought the +2 pair of boots of the Assassin {Stlth++} for 709 gold pieces
 26137 | Orc:4    | Identified a +2 cloak of preservation (You bought it in a shop on level 4 of the Orcish Mines)
 26313 | Orc:4    | Found Sazut's Antique Weapon Emporium.
 26333 | Orc:4    | HP: 5/108 [sun demon[an orc sorcerer] (15)]
 26333 | Orc:4    | Mangled by a sun demon

Action                   |  1- 3 |  4- 6 |  7- 9 | 10-12 | 13-15 || total
-------------------------+-------+-------+-------+-------+-------++-------
Melee: Dagger            |   121 |   271 |   260 |   536 |   638 ||  1826
 Fire: Blowgun           |       |       |       |    27 |       ||    27
Throw: Dart              |       |     1 |       |       |     1 ||     2
 Cast: Corona            |     8 |       |       |       |       ||     8
       Ensorcelled Hiber |    30 |    51 |    52 |    43 |    72 ||   248
       Confuse           |       |    11 |    19 |     9 |     5 ||    44
       Enslavement       |       |       |     1 |    13 |    25 ||    39
       Invisibility      |       |       |       |    25 |    22 ||    47
       Summon Butterflie |       |       |       |       |     1 ||     1
Invok: Shadow Step       |       |       |       |     2 |       ||     2
 Abil: Evoke Teleportati |       |       |       |     1 |       ||     1
       Evoke Flight      |       |       |       |       |     2 ||     2
Evoke: Wand              |       |     1 |       |     5 |     2 ||     8
       Stone of tremors  |       |       |       |     1 |       ||     1
  Use: Scroll            |     2 |     9 |     3 |    19 |     6 ||    39
 Stab: Sleeping          |    16 |    35 |    35 |   127 |   142 ||   355
       Confused          |       |     2 |     4 |     2 |     2 ||    10
       Distracted        |       |       |     1 |     2 |     5 ||     8
       Invisible         |       |       |       |    40 |    25 ||    65
       Betrayed ally     |       |       |       |       |     2 ||     2
